 Dungeon Crawl Stone Soup version 0.19.1 (webtiles) character file.

116 bombpersons the Ducker (level 4, 0/33 HPs)
             Began as a Vampire Warper on Dec 22, 2016.
             Was an Initiate of Kikubaaqudgha.
             Slain by esteth's ghost (6 damage)
             ... on level 4 of the Dungeon.
             The game lasted 00:23:22 (4107 turns).

bombpersons the Ducker (Vampire Warper)             Turns: 4107, Time: 00:23:22

Health: 0/33       AC:  7    Str: 11    XL:     4   Next: 70%
Magic:  0/7        EV: 13    Int: 15    God:    Kikubaaqudgha [......]
Gold:   146        SH:  0    Dex: 13    Spells: 3 memorised, 0 levels left

rFire  . . .     SeeInvis +     a - +0 short sword
rCold  . . .     Gourm    .     b - +0 leather armour
rNeg   + . .     Faith    .     (no shield)
rPois  .         Spirit   .     (no helmet)
rElec  .         Reflect  .     e - +0 cloak
rCorr  .         Harm     +     (no gloves)
MR     .....                    p - +2 pair of boots
Stlth  +.........               f - amulet of harm
                                (no ring)
                                q - ring of flight

@: very slightly contaminated
A: fangs 3, see invisible, unbreathing
a: Bat Form, Renounce Religion, Evoke Flight


You were on level 4 of the Dungeon.
You worshipped Kikubaaqudgha.
Kikubaaqudgha was noncommittal.
You were not thirsty.

You visited 1 branch of the dungeon, and saw 4 of its levels.

You collected 146 gold pieces.

Inventory:

Hand Weapons
 a - a +0 short sword (weapon)
Missiles
 h - 8 tomahawks (quivered)
Armour
 b - a +0 leather armour (worn)
 e - a +0 cloak (worn)
 p - a +2 pair of boots (worn)
Jewellery
 f - an amulet of harm (around neck)
 q - a ring of flight (left hand)
 x - a +2 ring of strength {unknown}
Wands
 n - a wand of disintegration (7/24)
Scrolls
 d - a scroll of blinking
 k - 2 scrolls of amnesia {unknown}
 l - a scroll of enchant weapon {unknown}
 v - a scroll of remove curse {unknown}
Potions
 g - a potion of haste {unknown}
 i - a potion of resistance {unknown}
 j - a potion of might {unknown}
 m - a potion of cancellation {unknown}
 o - a potion of flight {unknown}
 r - 9 potions of blood
 s - a potion of invisibility {unknown}
 u - a potion of degeneration {unknown}
 w - a potion of curing {unknown}
Books
 c - a book of Spatial Translocations

   Spells                             Type                      Level
   a - Blink                          Translocation                2
   b - Shroud of Golubria             Charms/Translocation         2
   c - Lesser Beckoning               Translocation                3
   d - Portal Projectile              Translocation                3
   e - Teleport Other                 Translocation                3
   f - Passage of Golubria            Translocation                4


   Skills:
 * Level 2.2 Fighting
 * Level 3.2 Short Blades
 * Level 1.7 Throwing
 - Level 0.7 Armour
 * Level 3.4 Dodging
 + Level 2.4 Spellcasting
 - Level 2.4 Translocations


You couldn't memorise any spells.
You knew the following spells:

 Your Spells              Type           Power        Failure   Level  Hunger
a - Shroud of Golubria    Chrm/Tloc      #.........   30%         2    ###....
b - Blink                 Tloc           N/A          17%         2    ###....
c - Teleport Other        Tloc           #.......     30%         3    ###....


Dungeon Overview and Level Annotations

Branches:
Dungeon (4/15)
 Temple: D:4-7

Altars:
Kikubaaqudgha

Annotations:
D:4 esteth's ghost, novice DEFE


Innate Abilities, Weirdness & Mutations

You have razor-sharp teeth.
You have supernaturally acute eyesight. (SInv)
You can survive without breathing.


Message History

Aim: esteth's ghost, wielding a vorpal weapon (lightly damaged)
You throw an exploding tomahawk.
The exploding tomahawk hits esteth's ghost.
Esteth's ghost is lightly damaged.
The exploding tomahawk explodes!
The explosion of tomahawk fragments engulfs esteth's ghost.
Esteth's ghost is moderately damaged.
Casting: Blink
Confirm with . or Enter, or press ? or * to list all spells.
You miscast Blink.
You are very lightly contaminated with residual magic.
The world appears momentarily distorted!
Esteth's ghost points at you and mumbles some strange words.
The flame tongue hits you!
* * * LOW HITPOINT WARNING * * *
You closely miss esteth's ghost. Your bite misses esteth's ghost.
Esteth's ghost is moderately damaged.
Esteth's ghost hits you.
You die...
Kikubaaqudgha rasps: "You have failed me!
Welcome... oblivion!"

... #.# #.# #.#
#.# ####.####
#.......#
#...@...#
#.##W##.#
#.#..##.####.#
####.#..%........
#........<..####
#.#..#..#...#
#............#
......##.#.#.##.#
.#.#.. #.......
..


You could see esteth's ghost.

Vanquished Creatures
  The ghost of dscm the Ducker, a weakling OpFi (D:3)
  2 adders (D:2)
  An ooze (D:1)
  An adder skeleton (D:4)
  5 dart slugs
  9 bats
  2 giant cockroaches
  7 goblins
  9 hobgoblins
  9 jackals
  6 kobolds
  A quokka (D:2)
  A frilled lizard (D:3)
  6 rats
60 creatures vanquished.

Notes
Turn   | Place    | Note
-------+----------+-------------------------------------------
     0 | D:1      | bombpersons the Vampire Warper began the quest for the Orb.
     0 | D:1      | Reached XP level 1. HP: 16/16 MP: 3/3
   611 | D:1      | Reached skill level 1 in Throwing
   611 | D:1      | Reached XP level 2. HP: 17/22 MP: 5/5
   683 | D:1      | Learned a level 2 spell: Shroud of Golubria
   686 | D:1      | Learned a level 2 spell: Blink
  1807 | D:1      | Reached XP level 3. HP: 27/27 MP: 6/6
  2685 | D:2      | Reached XP level 4. HP: 17/33 MP: 7/7
  3440 | D:3      | Found an ancient bone altar of Kikubaaqudgha.
  3469 | D:3      | Became a worshipper of Kikubaaqudgha
  3480 | D:3      | Learned a level 3 spell: Teleport Other
  4009 | D:3      | Noticed dscm's ghost (weakling OpFi)
  4011 | D:3      | Killed dscm's ghost
  4094 | D:4      | Noticed esteth's ghost (novice DEFE)
  4107 | D:4      | Slain by esteth's ghost

Skill      XL: |  1  2  3  4 |
---------------+-------------+-----
Throwing       | 1 |  1.7
Dodging        | 3 |  3.4
Fighting       | 2 |  2.2
Short Blades   | 3 |  3.2
Armour         | |  0.7
Spellcasting   | |  2.4
Translocations | |  2.4

Action                   |  1- 3 |  4- 6 || total
-------------------------+-------+-------++-------
Melee: Short sword       |   178 |    94 ||   272
       Bite              |    14 |     7 ||    21
Throw: Tomahawk          |     5 |     6 ||    11
 Cast: Blink             |     3 |     1 ||     4
       Teleport Other    |       |     1 ||     1
  Use: Potion            |     9 |     2 ||    11
       Scroll            |     1 |     1 ||     2
 Stab: Sleeping          |     2 |       ||     2
Armor: Leather armour    |    59 |    40 ||    99
Dodge: Dodged            |   150 |    69 ||   219
